A
EUGENE STING @ TALLAHASSEE THUNDER
07/06/2059
 
TOP OF THE 1ST
Eugene Sting batting - Pitching for Tallahassee Thunder : LHP Bryce Leistner
Pitching: LHP Bryce Leistner
Batting: RHB Trever Leach 0-0: Ball
1-0: Bunt missed!
1-1: Foul Ball, location: 2F
1-2: Strikes out swinging
Batting: SHB Detwon Ayala 0-0: Called Strike
0-1: Ball
1-1: Foul Ball, location: 2F
1-2: Fly out, F7 (Flyball, 7, EV 95.0 MPH)
Batting: LHB Dominick Hanneken 0-0: Foul Ball, location: 2F
0-1: Foul Ball, location: 2F
0-2: Strikes out swinging
Top of the 1st over - 0 runs, 0 hits, 0 errors, 0 left on base; Eugene 0 - Tallahassee 0
BOTTOM OF THE 1ST
Tallahassee Thunder batting - Pitching for Eugene Sting : RHP Halsten Esini
Pitching: RHP Halsten Esini
Batting: SHB Zak Puckett 0-0: Ball
1-0: Ground out 6-3 (Groundball, 4MS, EV 86.2 MPH)
Batting: LHB Axel Parker 0-0: Called Strike
0-1: Ground out 4-3 (Groundball, 4, EV 109.4 MPH)
Batting: RHB Danrad Orozco 0-0: Ball
1-0: Ball
2-0: Called Strike
2-1: Foul Ball, location: 2F
2-2: Foul Ball, location: 2F
2-2: Foul Ball, location: 2F
2-2: Strikes out looking
Bottom of the 1st over - 0 runs, 0 hits, 0 errors, 0 left on base; Eugene 0 - Tallahassee 0
TOP OF THE 2ND
Eugene Sting batting - Pitching for Tallahassee Thunder : LHP Bryce Leistner
Batting: RHB Martin Robbins 0-0: Swinging Strike
0-1: Ball
1-1: Ball
2-1: Foul Ball, location: 2F
2-2: Strikes out swinging
Batting: RHB DeJohn Thuan 0-0: Called Strike
0-1: Fly out, F8 (Flyball, 8LXD, EV 108.8 MPH)
Batting: RHB Michael Trautvetter 0-0: Ball
1-0: Ball
2-0: Ball
3-0: Base on Balls
Batting: RHB Brian Kelly 0-0: Ball
1-0: Ball
2-0: Foul Ball, location: 2F
2-1: Ball
3-1: Base on Balls
Michael Trautvetter to second
Batting: RHB Damon Bartone 0-0: Ball
1-0: Foul Ball, location: 2F
1-1: Swinging Strike
1-2: Hit by Pitch
Michael Trautvetter to third
Brian Kelly to second
Batting: RHB Tyson Stough 0-0: Swinging Strike
0-1: Called Strike
0-2: Foul Ball, location: 2F
0-2: Fly out, F9 (Flyball, 9LS, EV 81.9 MPH)
Top of the 2nd over - 0 runs, 0 hits, 0 errors, 3 left on base; Eugene 0 - Tallahassee 0
BOTTOM OF THE 2ND
Tallahassee Thunder batting - Pitching for Eugene Sting : RHP Halsten Esini
Batting: LHB Tom Oliver 0-0: Foul Ball, location: 2F
0-1: Ball
1-1: Ball
2-1: Fly out, F8 (Line Drive, 8LM, EV 85.6 MPH)
Batting: SHB Colt Heston 0-0: Called Strike
0-1: Called Strike
0-2: Ball
1-2: Foul Ball, location: 2F
1-2: Ball
2-2: Ball
3-2: SINGLE (Groundball, 34D, EV 97.5 MPH)
Batting: RHB Lucas Stewart 0-0: Ball
1-0: Ball
2-0: Called Strike
2-1: Called Strike
2-2: Foul Ball, location: 2F
2-2: Ball
3-2: Base on Balls
Colt Heston to second
Batting: RHB Oscar Craddock 0-0: Fly out, F9 (Line Drive, 9, EV 95.0 MPH)
Batting: RHB Rashad Green 0-0: Reached on error, E6 (Groundball, P, EV 87.5 MPH)
Colt Heston scores
Lucas Stewart to third
Batting: LHB Ken Holland 0-0: Ball
1-0: Foul Ball, location: 2F
1-1: Swinging Strike
1-2: Ball
2-2: Foul Ball, location: 2F
2-2: Foul Ball, location: 2F
2-2: Foul Ball, location: 2F
2-2: Foul Ball, location: 2F
2-2: Foul Ball, location: 2F
2-2: Ground out 4-3 (Groundball, 4, EV 77.5 MPH)
Bottom of the 2nd over - 1 run, 1 hit, 1 error, 2 left on base; Eugene 0 - Tallahassee 1
TOP OF THE 3RD
Eugene Sting batting - Pitching for Tallahassee Thunder : LHP Bryce Leistner
Batting: RHB Trever Leach 0-0: Ball
1-0: Ball
2-0: Called Strike
2-1: Foul Ball, location: 2F
2-2: Strikes out swinging
Batting: SHB Detwon Ayala 0-0: Foul Ball, location: 2F
0-1: Ball
1-1: Ball
2-1: Foul Ball, location: 2F
2-2: Foul Ball, location: 2F
2-2: Strikes out looking
Batting: LHB Dominick Hanneken 0-0: Called Strike
0-1: Swinging Strike
0-2: Ball
1-2: Strikes out looking
Top of the 3rd over - 0 runs, 0 hits, 0 errors, 0 left on base; Eugene 0 - Tallahassee 1
BOTTOM OF THE 3RD
Tallahassee Thunder batting - Pitching for Eugene Sting : RHP Halsten Esini
Batting: SHB Zak Puckett 0-0: Ball
1-0: Foul Ball, location: 2F
1-1: Swinging Strike
1-2: Ball
2-2: Ball
3-2: Foul Ball, location: 2F
3-2: Reached on error, E4 (Groundball, 4, EV 106.9 MPH)
Batting: LHB Axel Parker 0-0: Ball
1-0: DOUBLE (Flyball, 89D, EV 96.9 MPH)
Zak Puckett to third
Batting: RHB Danrad Orozco 0-0: Ball
1-0: Ball
2-0: SINGLE (Line Drive, 8RM, EV 90.0 MPH)
Zak Puckett scores
Axel Parker to third
Batting: LHB Tom Oliver 0-0: Called Strike
0-1: Ball
1-1: Swinging Strike
1-2: Ball
2-2: Ball
3-2: Base on Balls
Danrad Orozco to second
Batting: SHB Colt Heston 0-0: Called Strike
0-1: Fielders Choice at 2nd, 4-6 (Groundball, 4M, EV 88.8 MPH)
Axel Parker scores
Danrad Orozco to third
Batting: RHB Lucas Stewart 0-0: Hit by Pitch
Colt Heston to second
Batting: RHB Oscar Craddock 0-0: Ball
1-0: Swinging Strike
1-1: Foul Ball, location: 2F
1-2: Reached on error, E3 (Groundball, 3, EV 88.8 MPH)
Danrad Orozco scores
Colt Heston to third
Lucas Stewart to second
Batting: RHB Rashad Green 0-0: Called Strike
0-1: Called Strike
0-2: Foul Ball, location: 2F
0-2: Strikes out swinging
Batting: LHB Ken Holland 0-0: Ball
1-0: Foul Ball, location: 2F
1-1: Foul Ball, location: 2F
1-2: Strikes out swinging
Bottom of the 3rd over - 3 runs, 2 hits, 2 errors, 3 left on base; Eugene 0 - Tallahassee 4
TOP OF THE 4TH
Eugene Sting batting - Pitching for Tallahassee Thunder : LHP Bryce Leistner
Batting: RHB Martin Robbins 0-0: Called Strike
0-1: Ball
1-1: Ball
2-1: Ground out 6-3 (Groundball, 6, EV 101.2 MPH)
Batting: RHB DeJohn Thuan 0-0: Called Strike
0-1: Foul Ball, location: 2F
0-2: Strikes out swinging
Batting: RHB Michael Trautvetter 0-0: Foul Ball, location: 2F
0-1: Fly out, F8 (Flyball, 8LM, EV 90.6 MPH)
Top of the 4th over - 0 runs, 0 hits, 0 errors, 0 left on base; Eugene 0 - Tallahassee 4
BOTTOM OF THE 4TH
Tallahassee Thunder batting - Pitching for Eugene Sting : RHP Halsten Esini
Batting: SHB Zak Puckett 0-0: Ball
1-0: Called Strike
1-1: Called Strike
1-2: Ball
2-2: Ball
3-2: Base on Balls
Batting: LHB Axel Parker 0-0: Called Strike
Zak Puckett steals 2nd base
0-1: Ball
1-1: 2-RUN HOME RUN (Flyball, 9LD, EV 95.0 MPH), Distance : 331 ft
Pitching: RHP Evan Monticello
Batting: RHB Danrad Orozco 0-0: Foul Ball, location: 2F
0-1: Ball
1-1: SINGLE (Groundball, 6MD, EV 103.1 MPH)
Batting: LHB Tom Oliver 0-0: Fly out, F7 (Flyball, 7D, EV 91.9 MPH)
Batting: SHB Colt Heston 0-0: Called Strike
0-1: Ball
1-1: Foul Ball, location: 2F
1-2: Strikes out swinging
Batting: RHB Lucas Stewart 0-0: Foul Ball, location: 2F
0-1: Ball
1-1: Ball
2-1: Foul Ball, location: 2F
2-2: Ball
3-2: Base on Balls
Danrad Orozco to second
Batting: RHB Oscar Craddock 0-0: Called Strike
0-1: Swinging Strike
0-2: Strikes out swinging
Bottom of the 4th over - 2 runs, 2 hits, 0 errors, 2 left on base; Eugene 0 - Tallahassee 6
TOP OF THE 5TH
Eugene Sting batting - Pitching for Tallahassee Thunder : LHP Bryce Leistner
Batting: RHB Brian Kelly 0-0: Swinging Strike
0-1: Swinging Strike
0-2: Strikes out swinging
Batting: RHB Damon Bartone 0-0: Ball
1-0: Ball
2-0: Called Strike
2-1: Ball
3-1: Base on Balls
Batting: RHB Tyson Stough 0-0: Ball
1-0: Ball
2-0: Ball
3-0: Base on Balls
Damon Bartone to second
Batting: RHB Trever Leach 0-0: Ball
1-0: Swinging Strike
1-1: Fielders Choice at 2nd, 4-6 (Groundball, 4, EV 91.2 MPH)
Damon Bartone to third
Batting: SHB Detwon Ayala 0-0: Ball
1-0: Foul Ball, location: 2F
1-1: Ball
2-1: Foul Ball, location: 2F
2-2: Foul Ball, location: 2F
2-2: Foul Ball, location: 2F
2-2: Foul Ball, location: 2F
2-2: Fly out, F6 (Popup, 6M, EV 56.9 MPH)
Top of the 5th over - 0 runs, 0 hits, 0 errors, 2 left on base; Eugene 0 - Tallahassee 6
BOTTOM OF THE 5TH
Tallahassee Thunder batting - Pitching for Eugene Sting : RHP Evan Monticello
Batting: RHB Rashad Green 0-0: Fly out, F8 (Flyball, 8LD, EV 92.5 MPH)
Batting: LHB Ken Holland 0-0: Ball
1-0: Hit by Pitch
Batting: SHB Zak Puckett 0-0: Called Strike
0-1: Ball
1-1: SINGLE (Line Drive, 9LS, EV 100.0 MPH)
Ken Holland to second
Batting: LHB Axel Parker 0-0: Ball
1-0: Foul Ball, location: 2F
1-1: Swinging Strike
1-2: Strikes out swinging
Batting: RHB Danrad Orozco 0-0: Ball
1-0: Called Strike
1-1: Called Strike
1-2: Fielders Choice at 2nd, 5-4 (Groundball, 56, EV 78.1 MPH)
Bottom of the 5th over - 0 runs, 1 hit, 0 errors, 2 left on base; Eugene 0 - Tallahassee 6
TOP OF THE 6TH
Eugene Sting batting - Pitching for Tallahassee Thunder : LHP Bryce Leistner
Batting: LHB Dominick Hanneken 0-0: Ground out 4-3 (Groundball, 4, EV 82.5 MPH)
Batting: RHB Martin Robbins 0-0: Ball
1-0: Called Strike
1-1: Swinging Strike
1-2: Ball
2-2: Foul Ball, location: 2F
2-2: Fly out, F7 (Flyball, 7S, EV 88.1 MPH)
Batting: RHB DeJohn Thuan 0-0: Foul Ball, location: 2F
0-1: Foul Ball, location: 2F
0-2: Ball
1-2: Ball
2-2: Foul Ball, location: 2F
2-2: Ball
3-2: SINGLE (Line Drive, 8LS, EV 101.2 MPH)
Batting: RHB Michael Trautvetter 0-0: Ball
1-0: Fielders Choice at 2nd, 5-4 (Groundball, 5, EV 88.1 MPH)
Top of the 6th over - 0 runs, 1 hit, 0 errors, 1 left on base; Eugene 0 - Tallahassee 6
BOTTOM OF THE 6TH
Tallahassee Thunder batting - Pitching for Eugene Sting : RHP Evan Monticello
Batting: LHB Tom Oliver 0-0: Swinging Strike
0-1: Ball
1-1: Ball
2-1: Ball
3-1: Base on Balls
Batting: SHB Colt Heston 0-0: Ball
1-0: Swinging Strike
1-1: Ball
2-1: Ball
3-1: Foul Ball, location: 2F
3-2: Base on Balls
Tom Oliver to second
Batting: RHB Lucas Stewart 0-0: Swinging Strike
0-1: Swinging Strike
0-2: Strikes out looking
Batting: RHB Oscar Craddock 0-0: Called Strike
0-1: Ball
1-1: Ball
2-1: Swinging Strike
2-2: Ball
3-2: Strikes out swinging
Batting: RHB Rashad Green 0-0: Ball
1-0: Foul Ball, location: 2F
1-1: Ball
2-1: Called Strike
2-2: Strikes out swinging
Bottom of the 6th over - 0 runs, 0 hits, 0 errors, 2 left on base; Eugene 0 - Tallahassee 6
TOP OF THE 7TH
Eugene Sting batting - Pitching for Tallahassee Thunder : LHP Bryce Leistner
Batting: RHB Brian Kelly 0-0: Ball
1-0: Foul Ball, location: 2F
1-1: Foul Ball, location: 2F
1-2: Ball
2-2: SINGLE (Line Drive, 89S, EV 103.1 MPH)
Pitching: LHP Damon Cummings
Batting: RHB Damon Bartone 0-0: Ball
1-0: Ball
2-0: Ball
3-0: Called Strike
3-1: Base on Balls
Brian Kelly to second
Batting: RHB Tyson Stough 0-0: Called Strike
0-1: Ball
1-1: Ball
2-1: Swinging Strike
2-2: Ball
3-2: Fly out, F4 (Popup, 4, EV 63.1 MPH)
Batting: RHB Trever Leach 0-0: Ball
1-0: Swinging Strike
1-1: Foul Ball, location: 2F
1-2: Strikes out swinging
Batting: SHB Detwon Ayala 0-0: Ball
1-0: Foul Ball, location: 2F
1-1: Swinging Strike
1-2: Ball
2-2: Ball
3-2: Strikes out swinging
Top of the 7th over - 0 runs, 1 hit, 0 errors, 2 left on base; Eugene 0 - Tallahassee 6
BOTTOM OF THE 7TH
Tallahassee Thunder batting - Pitching for Eugene Sting : RHP Evan Monticello
Batting: LHB Ken Holland 0-0: Ball
1-0: Ball
2-0: Called Strike
2-1: Ball
3-1: Base on Balls
Pitching: LHP Gates Garrett
Batting: SHB Zak Puckett 0-0: Foul Ball, location: 2F
0-1: Ball
1-1: Called Strike
1-2: Foul Ball, location: 2F
1-2: Ball
2-2: Ball
3-2: Fly out, F8 (Line Drive, 8LXD, EV 97.5 MPH)
Batting: LHB Axel Parker 0-0: Called Strike
0-1: Grounds out, U3 (Groundball, 3L, EV 100.0 MPH)
Batting: RHB Danrad Orozco 0-0: Foul Ball, location: 2F
0-1: Swinging Strike
0-2: Ball
1-2: Ball
2-2: Ball
3-2: Base on Balls
Batting: LHB Tom Oliver 0-0: Ball
1-0: 3-RUN HOME RUN (Flyball, 89XD, EV 95.6 MPH), Distance : 389 ft
Batting: SHB Colt Heston 0-0: Foul Ball, location: 2F
0-1: Ball
1-1: Ball
2-1: Ball
3-1: Called Strike
3-2: Strikes out looking
Bottom of the 7th over - 3 runs, 1 hit, 0 errors, 0 left on base; Eugene 0 - Tallahassee 9
TOP OF THE 8TH
Eugene Sting batting - Pitching for Tallahassee Thunder : LHP Damon Cummings
Batting: LHB Dominick Hanneken 0-0: Called Strike
0-1: Swinging Strike
0-2: Strikes out swinging
Pinch Hitting: RHB Jaaron Alcantar 0-0: Ball
1-0: Ball
2-0: Fly out, F6 (Flyball, 56D, EV 90.6 MPH)
Batting: RHB DeJohn Thuan 0-0: Ball
1-0: Called Strike
1-1: Fly out, F9 (Flyball, 9LSF, EV 76.9 MPH)
Top of the 8th over - 0 runs, 0 hits, 0 errors, 0 left on base; Eugene 0 - Tallahassee 9
BOTTOM OF THE 8TH
Tallahassee Thunder batting - Pitching for Eugene Sting : LHP Gates Garrett
Now in CF: Jaaron Alcantar
Batting: RHB Lucas Stewart 0-0: Ball
1-0: Ball
2-0: Ball
3-0: Called Strike
3-1: Swinging Strike
3-2: Foul Ball, location: 2F
3-2: Base on Balls
Batting: RHB Oscar Craddock 0-0: Called Strike
0-1: Ball
1-1: Ball
2-1: Ball
3-1: Foul Ball, location: 2F
3-2: Base on Balls
Lucas Stewart to second
Batting: RHB Rashad Green 0-0: Called Strike
0-1: Ball
1-1: Ball
2-1: Ball
3-1: Swinging Strike
3-2: Strikes out swinging
Pitching: RHP Logan Stones
Batting: LHB Ken Holland 0-0: Swinging Strike
0-1: Foul Ball, location: 2F
0-2: Ball
1-2: Ball
2-2: Ball
3-2: Strikes out swinging
Batting: SHB Zak Puckett 0-0: Ball
1-0: Swinging Strike
1-1: Swinging Strike
1-2: Strikes out swinging
Bottom of the 8th over - 0 runs, 0 hits, 0 errors, 2 left on base; Eugene 0 - Tallahassee 9
TOP OF THE 9TH
Eugene Sting batting - Pitching for Tallahassee Thunder : LHP Damon Cummings
Batting: RHB Michael Trautvetter 0-0: Ball
1-0: Called Strike
1-1: Fly out, F7 (Flyball, 7LM, EV 96.9 MPH)
Batting: RHB Brian Kelly 0-0: Called Strike
0-1: Foul Ball, location: 2F
0-2: Strikes out swinging
Batting: RHB Damon Bartone 0-0: Ball
1-0: SOLO HOME RUN (Flyball, 7LD, EV 91.2 MPH), Distance : 350 ft
Batting: RHB Tyson Stough 0-0: Foul Ball, location: 2F
0-1: Called Strike
0-2: Strikes out swinging
Top of the 9th over - 1 run, 1 hit, 0 errors, 0 left on base; Eugene 1 - Tallahassee 9
Monday, March 11th , 2024 - OOTP Baseball 23.10 Build 110